 Dungeon Crawl Stone Soup version 0.27-a0-1557-g57f10a385c (webtiles) character file.

Game seed: 11750822277982512504

321 Leszczynek the Skirmisher (level 6, 4/53 HPs)
             Began as a Human Gladiator on July 15, 2021.
             Quit the game on level 4 of the Dungeon.
             The game lasted 00:19:21 (1378 turns).

Leszczynek the Skirmisher (Human Gladiator)         Turns: 1378, Time: 00:19:21

Health: 4/53       AC: 13    Str: 14    XL:     6   Next: 76%
Magic:  6/6        EV: 10    Int: 10    God:
Gold:   59         SH:  0    Dex: 15    Spells: 3/5 levels left

rFire    . . .     SeeInvis .   a - +1 quarterstaff
rCold    . . .     Faith    .   (shield currently unavailable)
rNeg     . . .     Spirit   .   q - +2 scale mail {Will+}
rPois    .         Reflect  .   c - +1 helmet
rElec    .         Harm     .   (no cloak)
rCorr    .         Rampage  .   (no gloves)
Will     +....                  i - +2 pair of boots
Stlth    ..........             (no amulet)
HPRegen  0.17/turn              (no ring)
MPRegen  0.10/turn              (no ring)

@: no status effects
A: no striking features
a: no special abilities


You were on level 4 of the Dungeon.
You visited 2 branches of the dungeon, and saw 6 of its levels.

You collected 135 gold pieces.
You spent 76 gold pieces at shops.

Inventory:

Hand Weapons
 a - a +1 quarterstaff (weapon)
 d - a +2 short sword of protection
Missiles
 h - 19 arrows
 r - a throwing net (quivered)
 u - 18 poisoned darts
Armour
 b - a +0 leather armour
 c - a +1 helmet (worn)
 i - a +2 pair of boots (worn)
 n - a +0 ring mail
 q - a +2 scale mail of willpower (worn)
 s - a +0 buckler
Magical Staves
 j - a staff of earth
Jewellery
 v - a ring of fire
Scrolls
 g - a scroll of immolation {!r}
Potions
 e - a potion of magic


   Skills:
 + Level 6.6 Fighting
 - Level 3.0 Staves
 - Level 2.0 Throwing
 - Level 3.0 Dodging


You had 3 spell levels left.
You knew the following spells:

 Your Spells              Type           Power      Damage    Failure   Level
a - Passwall              Tmut/Erth      0%         N/A       95%         2

Your spell library contained the following spells:

 Spells                   Type           Power      Damage    Failure   Level
 Summon Small Mammal      Summ           0%         N/A       86%         1
 Call Canine Familiar     Summ           0%         N/A       99%         3
 Summon Guardian Golem    Hex/Summ       0%         N/A       99%         3
 Swiftness                Air            0%         N/A       99%         3
 Invisibility             Hex            0%         N/A       100%        6


Dungeon Overview and Level Annotations

Branches:
Dungeon (5/15)             Temple (1/1) D:5

Altars:
Ashenzari
Fedhas
Kikubaaqudgha
Nemelex Xobeh
Okawaru
Qazlal
Ru
Trog
Vehumet
Xom
Yredelemnul
Zin
Jiyva

Shops:
D:2 *

Annotations:
D:4 2 transporters, Raspi's ghost, amateur DjGl


Message History

The scorpion is poisoned.
The scorpion barely misses you.
Throw: 18 darts (poison)
Press: ? - help, Q - select action Shift-Dir - straight line, f/p - scorpion
Aim: a scorpion (lightly wounded, poisoned, 63% to hit)
You throw a poisoned dart. The poisoned dart hits the scorpion.
The scorpion looks even sicker.
The scorpion is lightly wounded.
The scorpion stings you but does no damage.
You kill the scorpion!
You see here a scorpion corpse.
u - 18 poisoned darts (gained 1)
You see here an adder corpse.
Items here: ( ))))) ††.
r - a throwing net
Items here: ( ))))) ††.
The orc shouts!
Unknown command.
The kobold shouts!
You hear a shout!
You hear a croak.
Unknown command.
Found a transporter.
Raspi's ghost turns its malevolent gaze towards you.
Unknown command.
The bullfrog gives a loud, deep croak!
Found a helmet.
Found a transporter.
Raspi's ghost says, "You sneer at my short blade, I will sneer at your cold corpse."
Found a glaive and a dagger.
Found a bubbling red potion and 9 gold pieces.
An orc comes into view. It is wielding a +0 whip.
The orc shouts!
The orc throws a stone.
The stone hits you but does no damage.
You close the door.
An orc opens the door.
Found a stone staircase leading up.
There is a transporter landing site here.
An orc priest comes into view. It is wielding a +0 mace.
The orc priest mumbles some strange prayers to Beogh against you.
Beogh smites you!
* * * LOW HITPOINT WARNING * * *
Are you sure you want to abandon this character and quit the game? (Confirm with "yes".)

#.. o# #..... #.<#.#
#..#.# #..#.### #......
##...# .# ##..@.# #'#
#####.)..o### #^..
#.....©.....## #....
#..#########..##.....
#.##8.$FWK8##.#...o..
..#.....og[©#.'...... ###
#.#.##...##.#.#......##?##
#.#. #...##.#.##.....#.!.#
#.# ...©....#.# #.... !∩$#


You could see a bullfrog, an orc priest, Raspi's ghost, 2 orcs, a goblin and a
kobold.

Vanquished Creatures
  A scorpion (D:4)
  2 orc priests (D:4)
  A hound (D:4)
  Terence (D:2)
  An iguana (D:3)
  An orc wizard (D:4)
  2 adders (D:4)
  An ufetubus (D:4)
  2 worms
  A dart slug (D:4)
  11 orcs (D:4)
  3 ball pythons
  2 bat zombies (D:1)
  4 endoplasms
  A giant cockroach (D:1)
  6 goblins
  5 hobgoblins
  6 jackals (D:1)
  2 kobolds (D:4)
  A quokka (D:1)
  3 bats
  A frilled lizard (D:3)
  4 rats
62 creatures vanquished.

Vanquished Creatures (others)
  A demonic plant (D:3)
  2 fungi (D:3)
  2 plants (D:3)
  2 withered plants (D:3)
7 creatures vanquished.

Grand Total: 69 creatures vanquished

Notes
Turn   | Place    | Note
-------+----------+-------------------------------------------
     0 | D:1      | Leszczynek the Human Gladiator began the quest for the Orb.
     0 | D:1      | Reached XP level 1. HP: 16/16 MP: 1/1
    62 | D:1      | Reached XP level 2. HP: 13/23 MP: 2/2
   249 | D:1      | Reached skill level 3 in Fighting
   303 | D:1      | Reached XP level 3. HP: 24/29 MP: 3/3
   327 | D:1      | Learned a level 2 spell: Passwall
   327 | D:1      | well well well
   419 | D:2      | Found a shimmering altar of Xom.
   506 | D:2      | Found Ker Jyn's Assorted Antiques.
   513 | D:2      | Bought a glowing red potion for 18 gold pieces
   513 | D:2      | Bought a fuming yellow potion for 18 gold pieces
   527 | D:2      | Noticed Terence
   551 | D:3      | Found a faded altar of an unknown god.
   654 | D:3      | Found a basalt altar of Yredelemnul.
   667 | D:3      | genius
   682 | D:3      | Reached skill level 4 in Fighting
   682 | D:3      | Reached XP level 4. HP: 34/37 MP: 4/4
   778 | D:2      | Bought a scroll labelled VALEV METE for 20 gold pieces
   778 | D:2      | Bought a scroll labelled ABLUSA GUIL for 20 gold pieces
   786 | D:2      | uh huh
   815 | D:2      | Killed Terence
   816 | D:2      | Reached XP level 5. HP: 30/43 MP: 5/5
   934 | D:4      | Reached skill level 5 in Fighting
  1038 | D:4      | Found a stormy altar of Qazlal.
  1062 | D:5      | Entered Level 5 of the Dungeon
  1062 | D:5      | Noticed a necrophage
  1085 | D:5      | Found a staircase to the Ecumenical Temple.
  1099 | Temple   | Entered the Ecumenical Temple
  1100 | Temple   | slime temple
  1141 | Temple   | :/
  1170 | D:5      | Noticed a black bear
  1177 | D:5      | :)
  1188 | D:5      | oh, right
  1188 | D:5      | XD
  1200 | D:4      | Reached XP level 6. HP: 27/52 MP: 6/6
  1223 | D:4      | Reached skill level 6 in Fighting
  1321 | D:4      | HP: 10/52 [adder (3)]
  1356 | D:4      | Noticed Raspi's ghost (amateur DjGl)
  1357 | D:4      | Found a transporter.
  1360 | D:4      | Found a transporter.
  1377 | D:4      | HP: 4/53 [orc priest/divine providence (12)]
  1378 | D:4      | Quit the game

Illustrated notes ........... #...............## # #................. ###. ................. #... #.....####...... #.#.. #.....#......... #....# ##.....#......... #.....##......#.......†. #...@....†.)##.....#. #.#...†...##.......... #............[...... #...#................ .....#........#....#.. #.#....#................ .......#................ ###...(................. #....#####............ Turn 327 on D:1: well well well ...[# #.#># #.#.###### ####........# #......####.# #.......# .# ########.#####.###.# .........# #.....#.# .≈≈...##@# #.....#.# .≈l.≈ #.# #.......# ...≈ #.# #.....#.# _.. #.# #.....#.##### .. #.# #####.......# . #.# #.#####.# #.# #.## #.# #.# #..####.# #.# #.....#.# Turn 667 on D:3: genius

#.#.######.# #.#.#
####.#........# #.#.#.#
#......#8.8.8.###### #.#.#.#
#.##.#.#.⌠.⌠.......# #.#.#.#
#.#..8.∩.8.......# #.#.... #. #
#.#...⌠.⌠........# #.#...# #.#.
#÷#.#8.8.8.......# #.#...#
#...##'#.#####..##....####.#...#
#..........##.@##....##.......#
+..........##.@##....##.###...#
#..........##..##....##.# #.†.#
#..................@....# #...#
##.........##..#####...## #....
#.........##..# #...# #.#.#
#.........##..# #...# #.#.#
#....#######.(# #.>.# ..#.#
####.............# #...# ####.#


Turn 786 on D:2: uh huh ######### ###.......### ##..._..._...## #.............#
............... .......@....... ............... #.............# ##..._..._...##
###.......### ######### Turn 1100 on Temple: slime temple ######### ########
###...#...### ###....... #..._..._...###..._..._. .............#..........
#....................... #._...@............<... #.......................
.............#.......... #..._..._...###..._..._. ###...#...### ###.......
######### ######## Turn 1141 on Temple: :/ #. !##.. .S... #..... #.h.### #
#.....# ###. #.. #S# #... ##.. #h# #..# ..[ #@# ###..# ##.##h#####...#
#.......##....# #........#.>..# #........(..)## #.......#.##.# .....##.###.#.<#
...... #.. #...## ...... ##...... Turn 1177 on D:5: :) #.....# ###. #.. #S# #...
##.. #.# #..# ..[ #§# ###..# ##.##.#####...# #.......##....# #.....lh.#.>..#
#.......h(..)## #.......#@##.# .....##.###.#.<# ...... #.. #Z..## ......
##...... ...... ##.....# ..... #.#..## #.##.. .. ... ## Turn 1188 on D:5: oh,
right

Levels and vault maps discovered:
D:1:      saegor_arrival_fortress, layout_basic, minmay_bisected
D:2:      layout_basic, serial_shops,
          nicolae_shop_temple_entry_statues_fountains, basic_altar, uniq_robin,
          uniq_terence
D:3:      layout_loops_ring, mainiacjoe_overflow_small_starburst,
          shapermc_ecumenical_altar_gd, st_stairs_9, nrook_campfire,
          uniq_jessica, uniq_ijyb
D:4:      cheibrodos_quashed, layout_loops_corners,
          nicolae_hepliaklqana_monster_ancestors,
          nicolae_qazlal_general_emergency, gammafunk_ghost_arena,
          chequers_serial_rivers_room_b
D:5:      layout_rooms, lemuel_round_altar,
          grunt_temple_overflow_champion_of_chaos, minmay_temple_entry_offerings
Temple:   pf_slimified_temple

Skill      XL: |  1  2  3  4  5  6 |
---------------+-------------------+-----
Fighting       | 3 4 5 6 |  6.6
Staves         | |  3.0
Throwing       | |  2.0
Dodging        | |  3.0

Action                   |  1- 3 |  4- 6 || total
-------------------------+-------+-------++-------
Melee: Quarterstaff      |   100 |   128 ||   228
Throw: Throwing net      |       |     9 ||     9
       Dart              |       |     2 ||     2
  Use: Scroll            |       |     5 ||     5
       Potion            |       |     3 ||     3
 Stab: Held in net/web   |       |     1 ||     1
Armor: Leather armour    |    28 |       ||    28
       Ring mail         |     3 |     5 ||     8
       Skin              |     1 |       ||     1
       Scale mail        |       |    71 ||    71
Dodge: Dodged            |    77 |    78 ||   155

Table legend: (Time is in decaauts)
 A = Elapsed time spent in this place.
 B = Non-inter-level travel time spent in this place.
 C = Inter-level travel time spent in this place.
 D = Time resting spent in this place.
 E = Time spent auto-exploring this place.
 F = Levels seen in this place.
 G = Mean time per level.
                   A        B        C        D        E       F      G
               +--------+--------+--------+--------+--------+-----+--------+
         Total |   1420 |   1355 |     65 |      0 |      0 |   6 |  236.7 |
       Dungeon |   1364 |   1299 |     65 |      0 |      0 |   5 |  272.8 |
        Temple |     55 |     55 |      0 |      0 |      0 |   1 |   55.0 |
               +--------+--------+--------+--------+--------+-----+--------+

Top non-repeatable levels by time:
     D:4: 436 daAuts
     D:1: 361 daAuts
     D:2: 329 daAuts
     D:3: 180 daAuts
  Temple: 55 daAuts
     D:5: 55 daAuts
